 Dungeon Crawl Stone Soup version 0.31-a0-1620-gcbf77bbcfc (webtiles) character file.

Game seed: 10175691649194484001

2663 Dittersdorf the Shield-Bearer (level 9, 0/58 HPs)
             Began as a Gargoyle Fighter on Jan 11, 2024.
             Was an Initiate of Gozag.
             Slain by a two-headed ogre
             ... wielding a +0 giant club
              (5 damage)
             ... on level 7 of the Dungeon.
             The game lasted 00:07:30 (6120 turns).

Dittersdorf the Shield-Bearer (Gargoyle Fighter)    Turns: 6120, Time: 00:07:30

Health: 0/58       AC: 20    Str: 25    XL:     9   Next: 63%
Magic:  0/9        EV:  8    Int:  8    God:    Gozag
Gold:   328        SH:  6    Dex:  9    Spells: 8/8 levels left

rFire   . . .        x - +1 morningstar (spect)
rCold   . . .        c - +1 buckler
rNeg    + . .        g - +0 chain mail
rPois   ∞            j - +2 hat
rElec   +            a - +0 cloak
rCorr   +            (no gloves)
SInv    .            (no boots)
Will    .....        l - amulet of guardian spirit Stlth
                     u - ring of resist corrosion
HPRegen 0.29/turn    (no ring)
MPRegen 0.11/turn

%: guardian spirit
@: studying 2 skills
A: sickness immunity, AC +6, negative energy resistance 1, electricity
resistance, torment resistance 1, petrification resistance
a: Renounce Religion, Potion Petition, Call Merchant, Bribe Branch


You were on level 7 of the Dungeon.
You worshipped Gozag.
Gozag was aware of your devotion.
You visited 1 branch of the dungeon, and saw 7 of its levels.

You collected 447 gold pieces.
You paid 119 gold pieces to Gozag.

Inventory:

Hand Weapons
 x - a +1 spectral morningstar (weapon)
Armour
 a - a +0 cloak (worn)
 c - a +1 buckler (worn)
 g - a +0 chain mail (worn)
 j - a +2 hat (worn)
Jewellery
 l - an amulet of guardian spirit (around neck)
 u - a ring of resist corrosion (left hand)
Wands
 h - a wand of flame (38) (quivered)
Scrolls
 b - a scroll of enchant weapon
 n - a scroll of brand weapon
Potions
 d - 3 potions of might
 e - a potion of heal wounds
 f - a potion of attraction {unknown}
 i - a potion of curing {unknown}
 k - a potion of ambrosia {unknown}
 m - a potion of mutation {unknown}
 o - 2 potions of resistance {unknown}
 v - 3 potions of brilliance
 w - a potion of haste


   Skills:
 + Level 7.7 Fighting
 + Level 6.7 Maces & Flails
 + Level 7.8 Armour
 + Level 7.9 Shields


You had 8 spell levels left.
You didn't know any spells.
Your spell library contained the following spells:

 Spells                   Type           Power      Damage    Failure   Level
 Dazzling Flash           Conj/Hex       0%         N/A       100%        3
 Volatile Blastmotes      Fire/Tloc      0%         2d10      100%        3
 Starburst                Conj/Fire      0%         6d3       100%        6
 Maxwell's Capacitive Co  Air            0%         ∞         100%        8


Dungeon Overview and Level Annotations

Branches:
Dungeon (7/15)             Temple (0/1) D:6

Altars:
Ashenzari
Gozag
Hepliaklqana
Qazlal
Uskayaw
Xom

Shops:
D:2 (   D:5 [


Innate Abilities, Weirdness & Mutations

You are immune to sickness and miasma.
Your stone body is resilient. (AC +6)
You are immune to poison.
You resist negative energy. (rN+)
You are resistant to electric shocks. (rElec)
You are resistant to unholy torment.
You are immune to petrification.


Message History

Press: ? - help, Q - select action, (/) - cycle Shift-Dir - straight line, f/p - two-headed ogre
Aim: a two-headed ogre, wielding two +0 giant clubs (lightly wounded, 85% to hit)
The puff of flame hits the two-headed ogre!
The two-headed ogre is moderately wounded.
The orc shouts!
An orc wizard comes into view. It is wielding a +0 dagger.
The two-headed ogre attacks as it pursues you!
You block the two-headed ogre's attack. x2
The white imp gestures at you.
The puff of frost hits you but does no damage.
You barely miss the two-headed ogre.
The two-headed ogre is lightly wounded.
The two-headed ogre hits you but does no damage.
You block the two-headed ogre's attack.
You hit the two-headed ogre.
The two-headed ogre is lightly wounded.
The two-headed ogre hits you but does no damage.
The two-headed ogre hits you with a +0 giant club!
You puncture the two-headed ogre!
The two-headed ogre is heavily wounded.
You block the two-headed ogre's attack.
The two-headed ogre hits you with a +0 giant club!
You barely miss the two-headed ogre.
The two-headed ogre is heavily wounded.
You completely miss the two-headed ogre.
The two-headed ogre is heavily wounded.
The two-headed ogre barely misses you.
The two-headed ogre hits you with a +0 giant club!
You hit the two-headed ogre.
The two-headed ogre is heavily wounded.
The two-headed ogre hits you with a +0 giant club.
The two-headed ogre hits you with a +0 giant club!!
* * * LOW HITPOINT WARNING * * *
The orc wizard shouts!
You sock the two-headed ogre!
The two-headed ogre is severely wounded.
You block the two-headed ogre's attack.
The two-headed ogre hits you with a +0 giant club.
You die...
Your body crumbles into a pile of gold.

#### ....% ....# #..### .
#...########### ..#.
###..@O5......#####
#.#.###...###o..........#
#.........# #...........#
.#.........#
#...........#...
#......[....#
#....o......#...
##..........#
#...........#...
.#..%.....#.#
#..(........+...
###.........#
#........(..#...
..#.........#
#...........#...


You could see a two-headed ogre, an orc wizard, a white imp and an orc.

Vanquished Creatures
  Pikel (D:3)
  Sigmund (D:2)
  A water moccasin (D:7)
  An orc warrior (D:7)
  A black bear (D:7)
  A sky beast (D:6)
  An ogre (D:6)
  A lemure (D:3)
  A phantom (D:5)
  A bullfrog (D:6)
  A scorpion (D:5)
  10 wights (D:6)
  2 howler monkeys
  2 bombardier beetles
  An orc priest (D:7)
  5 hounds
  A jelly (D:6)
  2 iguanas (D:6)
  3 sleepcaps
  Jessica (D:2)
  2 gnoll boudas
  2 orc wizards (D:7)
  11 adders
  5 gnolls (D:7)
  2 shadow imps (D:6)
  3 white imps
  A dart slug (D:3)
  3 orcs
  9 endoplasms
  4 giant cockroaches
  4 goblins
  4 hobgoblins
  3 quokkas
  6 ball pythons
  5 bats
  4 frilled lizards
  4 kobolds
  11 rats
121 creatures vanquished.

Notes
Turn   | Place    | Note
-------+----------+-------------------------------------------
     0 | D:1      | Dittersdorf the Gargoyle Fighter began the quest for the
                  | Orb.
     0 | D:1      | Reached XP level 1. HP: 14/14 MP: 1/1
   272 | D:1      | You fall into a shaft and drop 1 floor!
   276 | D:2      | Found Eppistyp's Weapon Emporium.
   308 | D:2      | Reached XP level 2. HP: 19/19 MP: 2/2
   698 | D:1      | Found a faded altar of an unknown god.
   902 | D:2      | Noticed Sigmund
   912 | D:1      | Reached XP level 3. HP: 23/23 MP: 3/3
  1070 | D:2      | Reached XP level 4. HP: 21/29 MP: 4/4
  1309 | D:2      | Killed Sigmund
  1310 | D:2      | Reached XP level 5. HP: 12/34 MP: 5/5
  1310 | D:2      | Reached XP level 6. HP: 14/39 MP: 6/6
  1486 | D:2      | Noticed Jessica
  1494 | D:2      | Killed Jessica
  1892 | D:3      | Found a hide-covered altar of Uskayaw.
  2355 | D:3      | Found a faded altar of an unknown god.
  2359 | D:3      | Found a shimmering altar of Xom.
  2704 | D:4      | Noticed Pikel
  2772 | D:3      | Killed Pikel
  2773 | D:3      | Reached skill level 5 in Fighting
  2773 | D:3      | Reached skill level 5 in Armour
  2773 | D:3      | Reached skill level 5 in Shields
  2773 | D:3      | Reached XP level 7. HP: 44/44 MP: 7/7
  3849 | D:5      | Entered Level 5 of the Dungeon
  4057 | D:5      | Reached XP level 8. HP: 51/51 MP: 8/8
  4199 | D:5      | Reached skill level 5 in Maces & Flails
  4260 | D:5      | Found Zejudd's Armour Emporium.
  4584 | D:5      | Found a hazy altar of Hepliaklqana.
  4916 | D:6      | Found a staircase to the Ecumenical Temple.
  4948 | D:6      | Found an opulent altar of Gozag.
  5042 | D:6      | Reached XP level 9. HP: 56/56 MP: 9/9
  5427 | D:6      | Became a worshipper of Gozag Ym Sagoz the Greedy
  5694 | D:6      | Found a stormy altar of Qazlal.
  6007 | D:7      | Found a broken altar of Ashenzari.
  6023 | D:7      | Identified a scroll of acquirement
  6023 | D:7      | Acquired a manual of Shields
  6089 | D:7      | Noticed a two-headed ogre
  6120 | D:7      | Slain by a two-headed ogre

Illustrated notes

Levels and vault maps discovered:
D:1:      nicolae_arrival_somewhat_less_tricky_arrival, layout_loops_ring,
          dreamdust_ecumenical_altar_angels_and_demons, minmay_misc_feat_tower
D:2:      layout_rooms, serial_shops, shop, grunt_decor_clamped, st_stairs_14,
          grunt_ministairs_3, uniq_jessica, uniq_sigmund
D:3:      layout_basic, nicolae_overflow_ecumenical_swirl, old_standard_altar
D:4:      layout_layer_cave, uniq_pikel
D:5:      lemuel_ratsnest, layout_loops_ring, nicolae_hepliaklqana_hippocampus,
          serial_shops, shop
D:6:      layout_basic, lemuel_round_altar, lemuel_tele_altar,
          minmay_temple_entry_grid, chequers_serial_rivers_room_a,
          nrook_loot_triangle, minmay_manual_monstrance
D:7:      layout_basic, nicolae_ashenzari_skybound, dreamdust_princess_bridge,
          minmay_small_thing, uniq_duvessa, uniq_maurice

Skill      XL: |  1  2  3  4  5  6  7  8  9 |
---------------+----------------------------+-----
Fighting       | 4 5 6 7 |  7.7
Maces & Flails | 3 4 5 6 |  6.7
Armour         | 4 5 6 7 |  7.8
Shields        | 4 5 6 7 |  7.9

Action                     |  1- 3 |  4- 6 |  7- 9 || total
---------------------------+-------+-------+-------++-------
  Melee: Flail             |    85 |   135 |       ||   220
         Whip              |       |       |    18 ||    18
         Morningstar       |       |       |   171 ||   171
  Evoke: Wand              |       |     2 |     3 ||     5
    Use: Scroll            |       |     1 |    14 ||    15
   Stab: Distracted        |       |       |     1 ||     1
 Armour: Scale mail        |    76 |    67 |    66 ||   209
         Chain mail        |       |       |    67 ||    67
  Dodge: Dodged            |    36 |    50 |    81 ||   167
  Block: Buckler           |    23 |    29 |    67 ||   119

Table legend: (Time is in decaauts)
 A = Elapsed time spent in this place.
 B = Non-inter-level travel time spent in this place.
 C = Inter-level travel time spent in this place.
 D = Time resting spent in this place.
 E = Time spent auto-exploring this place.
 F = Levels seen in this place.
 G = Mean time per level.
                   A        B        C        D        E       F      G
               +--------+--------+--------+--------+--------+-----+--------+
         Total |   6224 |   5907 |    317 |    523 |   4155 |   7 |  889.1 |
       Dungeon |   6224 |   5907 |    317 |    523 |   4155 |   7 |  889.1 |
               +--------+--------+--------+--------+--------+-----+--------+

Top non-repeatable levels by time:
     D:4: 1265 daAuts
     D:6: 999 daAuts
     D:3: 966 daAuts
     D:1: 955 daAuts
     D:5: 911 daAuts
     D:2: 859 daAuts
     D:7: 266 daAuts
